 Dungeon Crawl Stone Soup version 0.24-a0-498-ge00f04a (webtiles) character file.

Game seed: 8968267087837285675

572 silenth the Vexing (level 7, -1/46 HPs)
             Began as a Vampire Enchanter on July 14, 2019.
             Killed from afar by Dowan (5 damage)
             ... with a puff of flame
             ... on level 3 of the Dungeon.
             The game lasted 00:10:58 (4068 turns).

silenth the Vexing (Vampire Enchanter)              Turns: 4068, Time: 00:10:58

Health: -1/46      AC:  2    Str:  7    XL:     7   Next: 12%
Magic:  3/13       EV: 12    Int: 19    God:
Gold:   82         SH:  0    Dex: 15    Spells: 2/14 levels left

rFire    + . .     SeeInvis +   a - +4 short sword (vamp)
rCold    . . .     Gourm    .   (no shield)
rNeg     . . .     Faith    .   z - +0 robe
rPois    .         Spirit   .   (no helmet)
rElec    .         Reflect  .   (no cloak)
rCorr    .         Harm     .   (no gloves)
MR       .....                  (no boots)
Stlth    +++.......             (no amulet)
HPRegen  0.35/turn              p - ring of protection from fire
MPRegen  0.13/turn              (no ring)

@: regenerating quickly, drained
A: no food, fangs 3, see invisible, unbreathing
a: Exsanguinate


You were on level 3 of the Dungeon.
You were alive.

You visited 1 branch of the dungeon, and saw 4 of its levels.

You collected 82 gold pieces.

Inventory:

Hand Weapons
 a - a +4 vampiric short sword (weapon)
 b - a +1 dagger
Missiles
 c - a throwing net (quivered)
Armour
 y - a +0 pair of gloves
 z - a +0 robe (worn)
Jewellery
 l - an uncursed ring of fire
 p - a ring of protection from fire (left hand)
Scrolls
 e - 2 scrolls of random uselessness {unknown}
 g - a scroll of amnesia {unknown}
 i - a scroll of blinking {unknown}
 j - 2 scrolls of identify {unknown}
 k - 2 scrolls of fear {unknown}
 m - 2 scrolls of teleportation {unknown}
 n - a scroll of magic mapping {unknown}
 o - 3 scrolls of fog
 u - 2 scrolls of remove curse {unknown}
 x - 2 scrolls of enchant armour {unknown}
Potions
 d - 3 potions of might {unknown}
 f - 3 potions of curing {unknown}
 h - 2 potions of degeneration {unknown}
 q - 2 potions of mutation {unknown}
 r - a potion of agility {unknown}
 s - a potion of heal wounds {unknown}
 t - 2 potions of cancellation {unknown}
 v - a potion of lignification {unknown}
 w - 2 potions of brilliance {unknown}


   Skills:
 + Level 1.3(0.6) Short Blades
 - Level 2.1(1.4) Dodging
 + Level 4.6(3.8) Stealth
 + Level 4.4(3.6) Spellcasting
 + Level 1.4(0.7) Conjurations
 + Level 7.7(6.9) Hexes
 - Level 3.1(2.3) Ice Magic


You had 2 spell levels left.
You knew the following spells:

 Your Spells              Type           Power        Failure   Level  Hunger
a - Corona                Hex            ####...      1%          1    N/A
b - Ensorcelled Hibernat  Hex/Ice        ###...       3%          2    N/A
c - Confuse               Hex            ####....     2%          3    N/A
d - Tukima's Dance        Hex            ####....     2%          3    N/A
e - Dazzling Spray        Conj/Hex       ###...       9%          3    N/A

Your spell library contained the following spells:

 Spells                   Type           Power        Failure   Level  Hunger


Dungeon Overview and Level Annotations

Branches:
Dungeon (4/15)
 Temple: D:4-7

Altars:

Annotations:
D:3 Dowan, Duvessa


Innate Abilities, Weirdness & Mutations

You do not eat.
Your natural rate of healing is unusually fast.
You have razor-sharp teeth.
You have supernaturally acute eyesight. (SInv)
You can survive without breathing.


Message History

a +0 ring mail; a +0 club Duvessa throws a boomerang.
The boomerang hits you.
* * * LOW HITPOINT WARNING * * *
Duvessa throws a boomerang.
The boomerang barely misses you.
The weapon returns to Duvessa!
Duvessa throws a boomerang.
The boomerang closely misses you.
The weapon returns to Duvessa!
Duvessa throws a boomerang.
The boomerang hits you.
* * * LOW HITPOINT WARNING * * *
The weapon returns to Duvessa!
Duvessa throws a boomerang.
The boomerang hits you.
* * * LOW HITPOINT WARNING * * *
The weapon returns to Duvessa!
Duvessa throws a boomerang.
The boomerang hits you but does no damage.
The weapon returns to Duvessa!
Dowan shouts!
Dowan gestures at you while chanting. The puff of flame hits you. You resist.
You die...

###..##e## #.### #......#######.#
#..##)# ##.#####.##............ #
#...#.###..........<#.#######.#
###.#.#e#..........##.........g..
.##.....[....#[....###.#...######
..........e.e..............# #
.....##.#.#.##.........#..g# #
###..##.#.#.##.....###.###.# # #
#..##.#.#.####@...##.# #.# #
#..##.#.#.###..##.##.# #.# ###
#.......#.##.#.##.##.###.# #..
#..##.###...###..........# #.#
#..........## ##.........# #.#
###.###.......###..(...###.# #.#
...#.######.##.#.##.#### #.# #.#
###.#######.###..##.# #.## #.#
#.....(...# ##.##.# #..###.#


You could see Dowan.

Vanquished Creatures
  Sigmund (D:3)
  An orc warrior (D:4)
  A howler monkey (D:3)
  An orc wizard (D:3)
  Jessica (D:2)
  An iguana (D:4)
  A worker ant (D:3)
  4 gnolls (D:3)
  6 adders
  2 oozes
  3 worms
  4 dart slugs
  2 leopard geckos
  8 orcs
  7 bats
  2 giant cockroaches
  4 goblins
  8 hobgoblins
  6 jackals (D:1)
  2 kobolds
  2 quokkas
  A ball python (D:3)
  4 frilled lizards
  A leopard gecko skeleton (D:4)
  12 rats
85 creatures vanquished.

Vanquished Creatures (collateral kills)
  3 orcs (D:4)
3 creatures vanquished.

Vanquished Creatures (others)
  2 dancing weapons (D:3)
2 creatures vanquished.

Grand Total: 90 creatures vanquished

Notes
Turn   | Place    | Note
-------+----------+-------------------------------------------
     0 | D:1      | silenth the Vampire Enchanter began the quest for the Orb.
     0 | D:1      | Reached XP level 1. HP: 13/13 MP: 3/3
   312 | D:1      | Reached XP level 2. HP: 15/19 MP: 3/5
   326 | D:1      | Reached skill level 5 in Hexes
   350 | D:1      | Learned a level 2 spell: Ensorcelled Hibernation
   741 | D:1      | Reached XP level 3. HP: 23/24 MP: 6/6
   746 | D:1      | Learned a level 3 spell: Confuse
  1063 | D:2      | Reached skill level 1 in Ice Magic
  1129 | D:2      | Noticed Jessica
  1133 | D:2      | Killed Jessica
  1133 | D:2      | Reached skill level 3 in Spellcasting
  1133 | D:2      | Reached XP level 4. HP: 30/30 MP: 5/8
  1458 | D:2      | You fall into a shaft and drop 1 floor!
  1641 | D:3      | Reached skill level 6 in Hexes
  1641 | D:3      | Reached skill level 2 in Ice Magic
  1870 | D:3      | Reached XP level 5. HP: 19/35 MP: 1/9
  2425 | D:3      | Learned a level 3 spell: Tukima's Dance
  2973 | D:4      | Noticed Dowan
  2975 | D:4      | Noticed Duvessa
  3084 | D:4      | Noticed an orc warrior
  3281 | D:4      | Killed an orc warrior
  3281 | D:4      | Reached skill level 3 in Ice Magic
  3281 | D:4      | Reached XP level 6. HP: 17/41 MP: 2/11
  3358 | D:4      | Learned a level 3 spell: Dazzling Spray
  3515 | D:4      | Noticed Sigmund
  3676 | D:3      | Reached skill level 4 in Spellcasting
  3676 | D:3      | Reached skill level 7 in Hexes
  3754 | D:3      | Killed Sigmund
  3754 | D:3      | Reached skill level 1 in Conjurations
  3835 | D:3      | Reached XP level 7. HP: 37/46 MP: 2/13
  4063 | D:3      | HP: 2/46 [Duvessa/boomerang (4)]
  4068 | D:3      | Killed from afar by Dowan

Levels and vault maps discovered:
D:1:      wander_arrival_desolate, layout_loops_corners,
          corexii_item_surrounded_by_moat
D:2:      layout_rooms, uniq_jessica
D:3:      layout_loops_ring
D:4:      layout_rooms, lightli_temple_of_fire, first_ration, abandoned_shop,
          supply_closet_lemuel, uniq_sigmund, uniq_blork_the_orc, uniq_duvessa

Skill      XL: |  1  2  3  4  5  6 |
---------------+-------------------+-----
Hexes          | 5 6 7 |  7.7
Ice Magic      | 1 2 3 |  3.1
Spellcasting   | 3 4 |  4.4
Conjurations   | 1 |  1.4
Short Blades   | |  1.3
Dodging        | |  2.1
Stealth        | |  4.6

Action                   |  1- 3 |  4- 6 |  7- 9 || total
-------------------------+-------+-------+-------++-------
Melee: Dagger            |   126 |   211 |       ||   337
       Bite              |    12 |    19 |     1 ||    32
       Short sword       |       |    18 |    13 ||    31
 Cast: Corona            |    11 |     3 |       ||    14
       Ensorcelled Hiber |     9 |    53 |     6 ||    68
       Tukima's Dance    |       |    11 |       ||    11
       Confuse           |       |     6 |     5 ||    11
       Dazzling Spray    |       |     2 |       ||     2
  Use: Scroll            |       |     1 |       ||     1
 Stab: Sleeping          |     7 |    36 |     3 ||    46
       Confused          |       |     4 |       ||     4
Armor: Robe              |    22 |    13 |     2 ||    37
Dodge: Dodged            |   103 |   177 |    19 ||   299

Table legend:
 A = Non-vault XP
 B = Vault XP
 C = Vault XP percentage of total XP
 D = Non-vault monster count
 E = Vault monster count
 F = Vault count percentage of total count
                 A         B        C        D         E       F
            +---------+---------+-------+---------+---------+-------
      Total |     561 |     257 |  31.4 |      86 |       2 |   2.3
            +---------+---------+-------+---------+---------+-------
        D:1 |      50 |       0 |   0.0 |      27 |       0 |   0.0
        D:2 |      56 |      37 |  39.8 |      12 |       1 |   7.7
        D:3 |     286 |     220 |  43.5 |      37 |       1 |   2.6
        D:4 |     169 |       0 |   0.0 |      10 |       0 |   0.0
            +---------+---------+-------+---------+---------+-------
